 Dungeon Crawl Stone Soup version 0.26-a0-952-g76694b35de (webtiles) character file.

Game seed: 10310250699193895506

41622 mhtbhm the Basher (level 14, -24/91 HPs)
             Began as a Gargoyle Fighter on Nov 29, 2020.
             Was the Champion of Okawaru.
             Killed from afar by an ice dragon (54 damage)
             ... with a blast of cold
             ... on level 4 of the Lair of Beasts.
             The game lasted 00:28:33 (17191 turns).

mhtbhm the Basher (Gargoyle Fighter)               Turns: 17191, Time: 00:28:35

Health: -24/91     AC: 35    Str: 28    XL:     14   Next: 16%
Magic:  25/28      EV: 11    Int: 15    God:    Okawaru [******]
Gold:   1788       SH: 13    Dex:  9    Spells: 13/13 levels left

rFire    + + .     SeeInvis .   a - +4 morningstar (freeze)
rCold    . . .     Faith    .   c - +0 kite shield
rNeg     + . .     Spirit   .   b - +5 chain mail of Melancholy {Harm rF+++ Regen+ Str-4}
rPois    ∞         Reflect  .   i - +0 helmet
rElec    +         Harm     +   o - +0 cloak
rCorr    .         Rampage  +   U - +0 pair of gloves {Str+3}
MR       +....                  S - +2 pair of boots {rampage}
Stlth    ..........             P - amulet of Okobune {rF- Regen+ MP+9 Str+4 Int+6}
HPRegen  1.05/turn              (no ring)
MPRegen  0.21/turn              (no ring)

@: flying
A: big wings, negative energy resistance 1, electricity resistance, unbreathing,
petrification resistance, rot immunity, AC +10
a: Stop Flying, Heroism, Finesse, Renounce Religion


You were on level 4 of the Lair of Beasts.
You worshipped Okawaru.
Okawaru was exalted by your worship.
You visited 3 branches of the dungeon, and saw 16 of its levels.
You also visited: Bailey.

You collected 2010 gold pieces.
You spent 222 gold pieces at shops.

Inventory:

Hand Weapons
 a - a +4 morningstar of freezing (weapon)
 F - a +2 morningstar of holy wrath
Missiles
 D - 7 curare-tipped darts (quivered)
Armour
 b - the +5 chain mail of Melancholy (worn) {Harm rF+++ Regen+ Str-4}
   (You found it on level 2 of the Lair of Beasts)

   It affects your strength (-4).
   It renders you almost immune to fire.
   It increases your rate of regeneration.
   It increases damage dealt and taken.
 c - a +0 kite shield (worn)
 i - a +0 helmet (worn)
 o - a +0 cloak (worn)
 S - a +2 pair of boots of rampaging (worn)
 U - a +0 pair of gloves of strength (worn)
Jewellery
 g - an uncursed amulet of reflection
 P - the amulet of Okobune (around neck) {rF- Regen+ MP+9 Str+4 Int+6}
   (You found it on level 11 of the Dungeon)

   [amulet of regeneration]

   It affects your strength (+4).
   It affects your intelligence (+6).
   It makes you vulnerable to fire.
   It affects your magic capacity (+9).
   It increases your rate of regeneration.
 R - a cursed amulet of inaccuracy {unknown}
Wands
 u - a wand of polymorph (19)
 w - a wand of random effects (34)
 C - a wand of iceblast (18)
 G - a wand of enslavement (3)
 J - a wand of acid (31)
Scrolls
 d - 2 scrolls of magic mapping
 f - 5 scrolls of teleportation
 j - 2 scrolls of immolation
 m - 3 scrolls of enchant weapon
 n - 3 scrolls of enchant armour
 p - 6 scrolls of remove curse
 r - 5 scrolls of blinking
 t - 2 scrolls of fear
 N - 3 scrolls of fog {unknown}
 T - a scroll of vulnerability {unknown}
Potions
 e - 3 potions of ambrosia {unknown}
 h - 4 potions of curing
 k - a potion of magic {unknown}
 l - a potion of flight {unknown}
 q - a potion of experience {unknown}
 v - 3 potions of brilliance {unknown}
 x - 3 potions of cancellation {unknown}
 z - 2 potions of invisibility {unknown}
 E - 3 potions of berserk rage
 K - a potion of heal wounds
 L - 2 potions of lignification {unknown}
 O - a potion of haste {unknown}
Miscellaneous
 I - a phantom mirror
 M - a condenser vane


   Skills:
 * Level 11.7 Fighting
 * Level 12.8 Maces & Flails
 * Level 10.9 Armour
 - Level 6.2 Dodging
 - Level 0.8 Stealth
 * Level 12.2 Shields
 * Level 7.8 Invocations


You had 13 spell levels left.
You didn't know any spells.
Your spell library contained the following spells:

 Spells                   Type           Power        Failure   Level
 Animate Skeleton         Necr           #.....       85%         1
 Apportation              Tloc           #.....       85%         1
 Corona                   Hex            #......      85%         1
 Sting                    Tmut/Pois      #...         85%         1
 Summon Small Mammal      Summ           #...         85%         1
 Poisonous Vapours        Pois/Air       #.....       94%         2
 Ignite Poison            Fire/Tmut/Pois #.......     99%         3
 Mephitic Cloud           Conj/Pois/Air  #.......     99%         3
 Olgreb's Toxic Radiance  Pois           #.......     100%        4
 Malign Gateway           Summ/Tloc      #.........   100%        7
 Monstrous Menagerie      Summ           #.........   100%        7
 Summon Greater Demon     Summ           #.........   100%        7
 Summon Horrible Things   Summ           #.........   100%        8


Dungeon Overview and Level Annotations

Branches:
Dungeon (11/15)            Temple (1/1) D:4            Lair (4/6) D:9
 Spider (0/4) Lair:2       Bailey (visited)
  Swamp: Lair:2-4    Shoals: Lair:2-4       Orc: D:9-12

Altars:
Ashenzari
Cheibriados
Dithmenos
Elyvilon
Fedhas
Gozag
Hepliaklqana
Kikubaaqudgha
Makhleb
Nemelex Xobeh
Okawaru
Qazlal
Ru
Sif Muna
Trog
Uskayaw
Vehumet
Xom
Yredelemnul
Zin
The Shining One

Shops:
D:5 :**   D:10 !   D:11 =

Annotations:
D:11 fire ring


Innate Abilities, Weirdness & Mutations

You are resistant to torment.
Your stone body is resilient. (AC +10)
You are immune to poison.
Your large and strong wings let you fly indefinitely.
You resist negative energy. (rN+)
You are resistant to electric shocks. (rElec)
You can survive without breathing.
You are immune to petrification.
You are immune to rotting.


Message History

Why would you want to do that?
Unknown command.
You fly up into the air.
The ice dragon breathes frost at you. The blast of cold hits you!!!
Ouch! That really hurt!
You puncture the ice dragon!
The ice dragon is moderately wounded.
You are engulfed in freezing vapours.
You impale the ice dragon!! You freeze the ice dragon.
The ice dragon is severely wounded.
You are engulfed in freezing vapours.
You block the ice dragon's attack. x2
The ice dragon closely misses you. The white imp barely misses you.
You hit the ice dragon but do no damage.
The ice dragon is severely wounded.
You are engulfed in freezing vapours.
The ice dragon breathes frost at you. The blast of cold hits you!!!
Ouch! That really hurt!
You die...

.##..........≈≈≈##
.##.......#.....# ##.
................# ...
.............⌠..##..
...........#...≈≈#≈5
..............≈≈#≈#
....#.#...##..≈≈≈≈######
.............≈≈≈D5≈≈≈≈≈≈
.............≈≈≈@≈≈..≈≈≈
.#...........≈≈≈°.#...≈≈
.#......#......≈..# ...
.P......#..#.......# .
........#...#.........
.........<......P...#..
....#..................
....P..................
................#......


You could see an ice dragon (catching breath) and a white imp.

Vanquished Creatures
  3 hydras
  3 boulder beetles
  An ogre mage (D:10)
  7 two-headed ogres
  A queen ant (D:9)
  An orc knight (Bailey)
  2 ugly things (D:11)
  A cyclops (D:11)
  7 elephants
  2 black mambas
  3 cane toads
  2 kobold demonologists (Bailey)
  A gargoyle (D:10)
  5 komodo dragons
  2 polar bears
  3 trolls
  10 blink frogs
  A spriggan (Lair:3)
  Sigmund (D:5)
  A redback (Lair:2)
  2 wyverns (Lair:3)
  Eustachio (D:6)
  50 yaks
  A basilisk (Lair:3)
  Menkaure (D:4)
  16 soldier ants (D:9)
  Edmund (D:6)
  12 water moccasins
  An acid dragon (D:11)
  13 orc warriors
  4 ice beasts
  3 sky beasts
  7 ogres
  A phantom (D:7)
  6 black bears
  3 boggarts (D:10)
  3 wolves (Lair:3)
  5 centaurs
  A big kobold (D:11)
  24 bullfrogs
  A wyvern zombie (D:9)
  6 scorpions
  10 killer bees
  11 wights
  6 howler monkeys
  4 electric eels (Bailey)
  A bullfrog zombie (D:5)
  3 centaur zombies
  A quasit (D:6)
  8 hounds
  5 orc priests
  2 centaur skeletons
  5 jellies
  Jessica (D:2)
  5 bullfrog skeletons
  8 orc wizards
  2 iguanas
  31 worker ants
  A hound skeleton (D:5)
  3 worker ant zombies
  16 gnolls
  A howler monkey skeleton (D:4)
  17 adders
  2 white imps (Lair:4)
  2 ufetubi
  An ooze (D:3)
  2 adder zombies (D:5)
  An adder skeleton (D:4)
  4 dart slugs
  3 leopard geckos
  49 orcs
  3 giant cockroaches
  14 goblins
  8 hobgoblins
  16 jackals
  6 quokkas
  6 bats
  5 frilled lizards
  2 jackal skeletons
  15 kobolds
  11 rats
510 creatures vanquished.

Vanquished Creatures (others)
  Sonja (D:11)
  6 fungi
  13 plants
20 creatures vanquished.

Grand Total: 530 creatures vanquished

Notes
Turn   | Place    | Note
-------+----------+-------------------------------------------
     0 | D:1      | mhtbhm the Gargoyle Fighter began the quest for the Orb.
     0 | D:1      | Reached XP level 1. HP: 14/14 MP: 1/1
   111 | D:1      | Reached XP level 2. HP: 17/19 MP: 2/2
   456 | D:1      | Reached XP level 3. HP: 24/24 MP: 3/3
  1022 | D:2      | Reached XP level 4. HP: 23/29 MP: 4/4
  1134 | D:2      | Found a burning altar of Makhleb.
  1390 | D:2      | Noticed Jessica
  1395 | D:2      | Killed Jessica
  1419 | D:2      | Reached XP level 5. HP: 33/34 MP: 5/5
  1610 | D:3      | Noticed a black bear
  1656 | D:2      | Killed a black bear
  1657 | D:2      | Reached skill level 1 in Dodging
  1657 | D:2      | Reached XP level 6. HP: 33/40 MP: 6/6
  2028 | D:3      | Found a bloodstained altar of Trog.
  2158 | D:3      | Reached skill level 5 in Shields
  2354 | D:4      | Reached skill level 5 in Fighting
  2408 | D:4      | Noticed Menkaure
  2432 | D:4      | Killed Menkaure
  2433 | D:4      | Reached XP level 7. HP: 21/44 MP: 7/7
  2750 | D:4      | Found a staircase to the Ecumenical Temple.
  2821 | Temple   | Entered the Ecumenical Temple
  3103 | Temple   | Became a worshipper of Elyvilon the Healer
  3136 | D:4      | Found a radiant altar of Vehumet.
  3720 | D:5      | Entered Level 5 of the Dungeon
  3720 | D:5      | Found Fublur's General Store.
  3720 | D:5      | Found Xys Zocw's General Store.
  4036 | D:5      | Bought a scroll of identify for 28 gold pieces
  4046 | D:5      | Bought a scroll of identify for 24 gold pieces
  4046 | D:5      | Bought a scroll of blinking for 90 gold pieces
  4076 | D:5      | Reached skill level 5 in Maces & Flails
  4089 | D:5      | Reached XP level 8. HP: 41/50 MP: 8/8
  4153 | D:5      | Reached skill level 5 in Armour
  4178 | D:5      | Reached * piety under Elyvilon
  4337 | D:5      | Found an iron altar of Okawaru.
  4356 | D:5      | Fell from the grace of Elyvilon
  4356 | D:5      | Became a worshipper of Warmaster Okawaru
  4394 | D:5      | Found Vamewaff's Book Boutique.
  4499 | D:5      | Noticed Sigmund
  4533 | D:5      | Killed Sigmund
  4780 | D:5      | Found a shimmering blue altar of Sif Muna.
  4825 | D:5      | Reached skill level 1 in Invocations
  5088 | D:6      | Reached * piety under Okawaru
  5121 | D:6      | Reached XP level 9. HP: 44/55 MP: 10/10
  5190 | D:6      | Noticed Eustachio
  5304 | D:6      | Killed Eustachio
  5598 | D:6      | Reached ** piety under Okawaru
  5670 | D:6      | Found an opulent altar of Gozag.
  5752 | D:6      | Noticed Edmund
  5769 | D:6      | Killed Edmund
  5972 | D:7      | Found a stormy altar of Qazlal.
  5972 | D:7      | Found a blossoming altar of Fedhas.
  6338 | D:7      | Found a hazy altar of Hepliaklqana.
  6553 | D:7      | Found a hide-covered altar of Uskayaw.
  7397 | D:7      | You fall into a shaft and drop 2 floors!
  7398 | D:9      | Noticed a queen ant
  7623 | D:9      | Noticed a troll
  7633 | D:9      | Killed a troll
  7633 | D:9      | Reached *** piety under Okawaru
  7634 | D:9      | Reached XP level 10. HP: 42/63 MP: 12/12
  7880 | D:9      | Found a basalt altar of Yredelemnul.
  7882 | D:9      | Noticed a profane servitor
  7899 | D:9      | Found a glowing golden altar of the Shining One.
  7901 | D:9      | Noticed an angel
  8276 | D:9      | Reached **** piety under Okawaru
  8442 | D:9      | Noticed a two-headed ogre
  8453 | D:9      | Killed a two-headed ogre
  8655 | D:8      | Found a broken altar of Ashenzari.
  8712 | D:8      | Found a flagged portal.
  8903 | Bailey   | Entered a bailey
  8983 | Bailey   | Found an iron altar of Okawaru.
  8983 | Bailey   | Noticed a kobold demonologist
  8983 | Bailey   | Noticed a kobold demonologist
  8994 | Bailey   | Noticed a soul eater
  9002 | Bailey   | Noticed a rust devil
  9002 | Bailey   | Killed a kobold demonologist
  9003 | Bailey   | Reached skill level 5 in Dodging
  9003 | Bailey   | Reached XP level 11. HP: 51/69 MP: 14/14
  9013 | Bailey   | Reached ***** piety under Okawaru
  9337 | Bailey   | Noticed an orc knight
  9348 | Bailey   | Killed an orc knight
 10107 | D:8      | Acquired 1155 gold pieces
 10200 | D:8      | Found a broken altar of Ashenzari.
 10527 | D:8      | Found a sacrificial altar of Ru.
 10591 | D:9      | Received a gift from Okawaru
 10711 | D:9      | Found a staircase to the Lair.
 11325 | D:9      | Noticed a two-headed ogre
 11346 | D:9      | Killed a queen ant
 11347 | D:9      | Reached skill level 5 in Invocations
 11377 | D:9      | Killed a two-headed ogre
 11433 | D:9      | Reached skill level 10 in Shields
 11433 | D:9      | Reached XP level 12. HP: 72/77 MP: 15/15
 11727 | D:10     | Entered Level 10 of the Dungeon
 11867 | D:10     | Found Bidivvy's Distillery.
 11872 | D:10     | Bought a potion of heal wounds for 80 gold pieces
 11945 | D:10     | Noticed a two-headed ogre
 11951 | D:10     | Killed a two-headed ogre
 12095 | D:10     | Reached ****** piety under Okawaru
 12099 | D:10     | Noticed a two-headed ogre
 12109 | D:10     | Killed a two-headed ogre
 12110 | D:10     | Reached skill level 10 in Fighting
 12112 | D:10     | Noticed an ogre mage
 12129 | D:10     | Noticed a two-headed ogre
 12130 | D:10     | Killed an ogre mage
 12130 | D:10     | Received a gift from Okawaru
 12141 | D:10     | Killed a two-headed ogre
 12142 | D:10     | Reached skill level 10 in Maces & Flails
 12752 | D:11     | Got a glittering silver amulet
 12753 | D:11     | Identified the amulet of Okobune {rF- Regen+ MP+9 Str+4
                  | Int+6} (You found it on level 11 of the Dungeon)
 12762 | D:11     | Noticed Sonja
 12779 | D:11     | Killed Sonja
 13088 | D:11     | Found Kasaut's Jewellery Shoppe.
 13143 | D:11     | Noticed a two-headed ogre
 13143 | D:11     | Noticed a two-headed ogre
 13150 | D:11     | Received a gift from Okawaru
 13150 | D:11     | Noticed a boulder beetle
 13628 | D:10     | Killed a two-headed ogre
 13629 | D:10     | Reached skill level 10 in Armour
 13740 | D:11     | Killed a boulder beetle
 13851 | D:11     | Killed a two-headed ogre
 14229 | D:9      | Reached XP level 13. HP: 81/83 MP: 17/17
 14256 | Lair:1   | Entered Level 1 of the Lair of Beasts
 15256 | Lair:2   | Found a blossoming altar of Fedhas.
 15409 | Lair:2   | Found a transporter.
 15411 | Lair:2   | Found a transporter.
 15479 | Lair:2   | Found a hole to the Spider Nest.
 15530 | Lair:2   | Got a shimmering chain mail
 15536 | Lair:2   | Identified the +5 chain mail of Melancholy {Harm rF+++
                  | Regen+ Str-4} (You found it on level 2 of the Lair of
                  | Beasts)
 16390 | Lair:3   | Received a gift from Okawaru
 16899 | Lair:4   | Gained mutation: Your large and strong wings let you fly
                  | indefinitely. [Gargoyle growth]
 16899 | Lair:4   | Reached XP level 14. HP: 83/90 MP: 19/19
 17191 | Lair:4   | Killed from afar by an ice dragon

Illustrated notes

Levels and vault maps discovered:
D:1:      matt_arrival_los_fun, layout_basic
D:2:      layout_rooms, bloody_makhleb, uniq_jessica
D:3:      layout_rooms, lemuel_round_altar
D:4:      layout_basic, minmay_temple_entry_slanted, vehumet_altar_wand_db,
          uniq_menkaure
D:5:      layout_rooms, okawaru_gym_becter, serial_shops, kennysheep_mini_moat,
          shop, shop_fountains, tgw_sif, uniq_sigmund
D:6:      cheibrodos_helix_gallery, layout_loops_ring, grunt_gozag_breadcrumbs,
          uniq_eustachio, uniq_edmund
D:7:      minmay_evil_eye, layout_basic, grunt_temple_overflow_forces_of_nature,
          lemuel_coloured_pillars_altar, lemuel_doored_altar, dk_vineyard_2,
          minmay_misc_feat_rugged
D:8:      layout_basic, nicolae_overflow_hidden_temple, enter_bailey_6,
          basic_altar
D:9:      layout_layer_cave, grunt_temple_overflow_holy_war, zaba_anthell
D:10:     layout_loops_ring, serial_shops, nicolae_shop_crystal, grunt_potential
D:11:     layout_rooms, serial_shops, nicolae_shop_window_shopping, uniq_sonja
Temple:   jpeg_temple_island
Lair:1:   layout_concentric_octagons
Lair:2:   gammafunk_boulding_lane, layout_chaotic_city,
          spider_nest_entry_rubble, basic_altar
Lair:3:   layout_loops_ring, forest_entry_grove
Lair:4:   layout_long_grid, swamp_mist_pool, bobbens_ice_dragon_lair

Skill      XL: |  1  2  3  4  5  6  7  8  9 10 11 12 13 |
---------------+----------------------------------------+-----
Fighting       | 4 5 6 7 8 9 10 11 | 11.7
Shields        | 4 5 6 8 9 10 11 12 | 12.2
Maces & Flails | 3 4 5 6 7 8 9 10 12 | 12.8
Armour         | 4 5 7 8 9 10 | 10.9
Dodging        | 1 2 3 5 6 |  6.2
Invocations    | 1 3 4 5 6 7 |  7.8
Stealth        | |  0.8

Action                   |  1- 3 |  4- 6 |  7- 9 | 10-12 | 13-15 || total
-------------------------+-------+-------+-------+-------+-------++-------
Melee: Flail             |    88 |   201 |   180 |       |       ||   469
       Whip              |       |       |   458 |       |       ||   458
       Morningstar       |       |       |    15 |   836 |   407 ||  1258
 Abil: Fly               |       |       |       |       |     1 ||     1
       Evoke Flight      |       |       |       |       |     1 ||     1
Evoke: Wand              |       |       |     3 |     6 |       ||     9
       Condenser vane    |       |       |       |     1 |       ||     1
  Use: Potion            |       |     3 |     6 |     4 |       ||    13
       Scroll            |       |     1 |    11 |     7 |     4 ||    23
Armor: Scale mail        |    49 |     9 |       |       |       ||    58
       Chain mail        |       |   190 |   239 |   134 |   127 ||   690
       Plate armour      |       |       |       |   206 |    67 ||   273
Dodge: Dodged            |    23 |    65 |    97 |   218 |   133 ||   536
Block: Kite shield       |    44 |   207 |   513 |   768 |   274 ||  1806
       Reflection        |       |     4 |     6 |    13 |       ||    23

Table legend: (Time is in decaauts)
 A = Elapsed time spent in this place.
 B = Non-inter-level travel time spent in this place.
 C = Inter-level travel time spent in this place.
 D = Time resting spent in this place.
 E = Time spent auto-exploring this place.
 F = Levels seen in this place.
 G = Mean time per level.
                   A        B        C        D        E       F      G
               +--------+--------+--------+--------+--------+-----+--------+
         Total |  17385 |  17311 |     74 |   2882 |   9067 |  17 | 1022.6 |
       Dungeon |  12905 |  12872 |     33 |   2315 |   6457 |  11 | 1173.2 |
        Temple |    337 |    309 |     28 |      0 |    277 |   1 |  337.0 |
          Lair |   2903 |   2890 |     13 |    284 |   1858 |   4 |  725.8 |
        Bailey |   1238 |   1238 |      0 |    283 |    474 |   1 | 1238.0 |
               +--------+--------+--------+--------+--------+-----+--------+

Top non-repeatable levels by time:
     D:9: 2473 daAuts
    D:10: 1492 daAuts
     D:4: 1413 daAuts
     D:7: 1398 daAuts
  Bailey: 1238 daAuts
     D:1: 1045 daAuts
     D:5: 1042 daAuts
    D:11: 981 daAuts
  Lair:1: 967 daAuts
     D:6: 916 daAuts
  Lair:2: 912 daAuts
     D:8: 776 daAuts
     D:3: 775 daAuts
  Lair:3: 696 daAuts
     D:2: 591 daAuts
